 Dungeon Crawl Stone Soup version 0.25-a0-834-g55863b0b92 (webtiles) character file.

Game seed: 9114270646234888955, levelgen mode: deterministic

123 Linxer the Shield-Bearer (level 5, -8/33 HPs)
             Began as a Gargoyle Fighter on Apr 22, 2020.
             Was a Priest of Jiyva.
             Killed by divine providence
             ... invoked by an orc priest
              (15 damage)
             ... on level 4 of the Dungeon.
             The game lasted 00:18:40 (2485 turns).

Linxer the Shield-Bearer (Gargoyle Fighter)         Turns: 2485, Time: 00:18:41

Health: -8/33      AC: 16    Str: 20    XL:     5   Next: 7%
Magic:  5/5        EV:  3    Int:  8    God:    Jiyva [***...]
Gold:   163        SH:  9    Dex: 10    Spells: 4/4 levels left

rFire    . . .     SeeInvis .   a - +0 flail
rCold    . . .     Gourm    .   c - +0 kite shield
rNeg     + . .     Faith    .   r - +0 plate armour
rPois    ∞         Spirit   .   (no helmet)
rElec    +         Reflect  .   (no cloak)
rCorr    +         Harm     .   h - +0 pair of gloves
MR       .....     Clarity  +   (no boots)
Stlth    ..........             v - amulet of regeneration
HPRegen  0.51/turn              (no ring)
MPRegen  0.09/turn              (no ring)

@: no status effects
A: clarity, negative energy resistance 1, electricity resistance, unbreathing,
petrification resistance, rot immunity, AC +4
a: Request Jelly, Renounce Religion


You were on level 4 of the Dungeon.
You worshipped Jiyva.
Jiyva was most pleased with you.
You were not hungry.

You visited 1 branch of the dungeon, and saw 4 of its levels.

You collected 163 gold pieces.

Inventory:

Hand Weapons
 a - a +0 flail (weapon)
 l - a +0 hunting sling
Missiles
 g - 30 stones (quivered)
 j - 38 arrows
 s - 27 bolts
 y - 10 poisoned darts
Armour
 b - a +0 scale mail
 c - a +0 kite shield (worn)
 h - a +0 pair of gloves (worn)
 r - a +0 plate armour (worn)
Jewellery
 v - an amulet of regeneration (around neck)
Scrolls
 e - a scroll of amnesia {unknown}
 i - a scroll of teleportation {unknown}
 m - a scroll of fear {unknown}
 n - 5 scrolls of identify {unknown}
 p - 2 scrolls of remove curse {unknown}
 q - 2 scrolls of enchant weapon {unknown}
 z - a scroll of noise {unknown}
Potions
 d - a potion of might
 k - a potion of haste {unknown}
 o - a potion of brilliance {unknown}
 u - a potion of resistance {unknown}
 w - a potion of mutation {unknown}
 x - a potion of lignification {unknown}
 A - 2 potions of ambrosia {unknown}
Comestibles
 f - 7 rations
 t - a chunk of flesh


   Skills:
 + Level 3.8 Fighting
 + Level 3.6 Maces & Flails
 + Level 3.9 Armour
 + Level 0.2 Dodging
 + Level 4.0 Shields


You had 4 spell levels left.
You didn't know any spells.
Your spell library was empty.

Dungeon Overview and Level Annotations

Branches:
Dungeon (4/15)
 Temple: D:4-7

Altars:
Elyvilon
Fedhas
Gozag
Kikubaaqudgha
Makhleb
Okawaru
Uskayaw
Vehumet
Jiyva


Innate Abilities, Weirdness & Mutations

You are resistant to torment.
Your stone body is resilient. (AC +4)
You are immune to poison.
You resist negative energy. (rN+)
You are resistant to electric shocks. (rElec)
You can survive without breathing.
You are immune to petrification.
You are immune to rotting.
You possess an exceptional clarity of mind.


Message History

* * * LOW HITPOINT WARNING * * *
The orc priest invokes the aid of Beogh against you.
Pain shoots through your body!
* * * LOW HITPOINT WARNING * * *
You start resting.
Eating one of 2 chunks of flesh.
You eat one of the 2 chunks of flesh.
This raw flesh tastes terrible.
The orc wizard is too close now for your liking.
Your shield and plate armour prevent you from hitting the orc wizard.
The orc wizard hits you but does no damage.
You sock the orc wizard!
The orc wizard is heavily wounded.
You closely miss the orc wizard.
The orc wizard is heavily wounded.
You block the orc wizard's attack. The orc priest barely misses you.
You block the orc wizard's attack.
You hit the orc wizard.
The orc wizard is heavily wounded.
The orc priest mumbles some strange prayers to Beogh against you.
Beogh smites you!
You die...

#.... ..
....##.#
#..#<.#
#####S.o.####.#
.o.o...o.......
###o.......
#..o###....
########o### .
# #.......o@#
#.#.........#
#...........#
#.....÷....#
#....<.....#
#..........#
#..########...
#. .#. # ## .


You could see an orc priest and an orc wizard.

Vanquished Creatures
  6 adders
  An adder zombie (D:3)
  A worm (D:2)
  A dart slug (D:3)
  2 leopard geckos
  5 orcs
  2 ball pythons (D:2)
  3 giant cockroaches
  5 goblins
  5 hobgoblins
  2 jackals (D:3)
  7 bats
  3 frilled lizards
  6 kobolds
  8 rats
57 creatures vanquished.

Vanquished Creatures (others)
  An orc wizard (D:3)
  A worm (D:2)
  3 orcs (D:3)
  A bat (D:3)
  2 giant cockroaches (D:3)
  A goblin (D:3)
  2 hobgoblins (D:3)
  A jackal (D:2)
  A quokka (D:4)
  A ball python (D:3)
  2 kobolds (D:3)
  A rat (D:3)
17 creatures vanquished.

Grand Total: 74 creatures vanquished

Notes
Turn   | Place    | Note
-------+----------+-------------------------------------------
     0 | D:1      | Linxer the Gargoyle Fighter began the quest for the Orb.
     0 | D:1      | Reached XP level 1. HP: 14/14 MP: 1/1
   134 | D:1      | Reached XP level 2. HP: 19/19 MP: 2/2
   766 | D:2      | Reached XP level 3. HP: 23/23 MP: 3/3
  1129 | D:2      | Found a faded altar of an unknown god.
  1170 | D:2      | Became a worshipper of Jiyva Jyvanuex the Shapeless
  1170 | D:2      | Reached * piety under Jiyva
  1254 | D:2      | Reached XP level 4. HP: 29/29 MP: 4/4
  1260 | D:2      | Found a blossoming altar of Fedhas.
  1260 | D:2      | Found an opulent altar of Gozag.
  1261 | D:2      | Found a hide-covered altar of Uskayaw.
  1261 | D:2      | Found an ancient bone altar of Kikubaaqudgha.
  1262 | D:2      | Found a white marble altar of Elyvilon.
  1264 | D:2      | Found an iron altar of Okawaru.
  1264 | D:2      | Found a burning altar of Makhleb.
  1820 | D:3      | Reached ** piety under Jiyva
  1914 | D:3      | Reached skill level 4 in Shields
  2054 | D:3      | Reached *** piety under Jiyva
  2336 | D:3      | Found a radiant altar of Vehumet.
  2461 | D:4      | Gained mutation: You possess an exceptional clarity of
                  | mind. [Jiyva's grace]
  2478 | D:4      | Reached XP level 5. HP: 18/33 MP: 5/5
  2485 | D:4      | Killed from afar by an orc priest

Levels and vault maps discovered:
D:1:      beargit_arrival_greenhouse, layout_basic, serial_corexii_hall,
          corexii_hall_statues_x, chequers_hall_statues_corner_a
D:2:      layout_loops_ring, grunt_temple_overflow_open,
          chequers_ecumenical_altar_island, kennysheep_generic_room_2
D:3:      layout_loops_ring, nicolae_overflow_hidden_temple
D:4:      layout_rooms, old_standard_altar, serial_shops, shop, first_ration,
          chequers_serial_rivers_micro_a, minmay_pentomino_pile, uniq_duvessa,
          uniq_grinder

Skill      XL: |  1  2  3  4 |
---------------+-------------+-----
Maces & Flails | 3 |  3.6
Shields        | 4 |  4.0
Fighting       | |  3.8
Armour         | |  3.9
Dodging        | |  0.2

Action                   |  1- 3 |  4- 6 || total
-------------------------+-------+-------++-------
Melee: Flail             |   156 |   144 ||   300
  Eat: Chunk             |     1 |     4 ||     5
Armor: Scale mail        |    19 |       ||    19
       Plate armour      |    74 |   135 ||   209
Dodge: Dodged            |    40 |    19 ||    59
Block: Kite shield       |    92 |    94 ||   186

Table legend:
 A = Non-vault XP
 B = Vault XP
 C = Vault XP percentage of total XP
 D = Non-vault monster count
 E = Vault monster count
 F = Vault count percentage of total count
                 A         B        C        D         E       F
            +---------+---------+-------+---------+---------+-------
      Total |     176 |       0 |   0.0 |      57 |       0 |   0.0
            +---------+---------+-------+---------+---------+-------
        D:1 |      29 |       0 |   0.0 |      19 |       0 |   0.0
        D:2 |      84 |       0 |   0.0 |      23 |       0 |   0.0
        D:3 |      41 |       0 |   0.0 |      11 |       0 |   0.0
        D:4 |      22 |       0 |   0.0 |       4 |       0 |   0.0
            +---------+---------+-------+---------+---------+-------
